 Dungeon Crawl Stone Soup version 0.20-a0-772-g73021bd (webtiles) character file.

65 Minion the Poker (level 4, -1/33 HPs)
             Began as a Merfolk Gladiator on Feb 27, 2017.
             Shot with a sling bullet by a goblin (6 damage)
             ... on level 2 of the Dungeon.
             The game lasted 00:02:09 (1135 turns).

Minion the Poker (Merfolk Gladiator)                Turns: 1135, Time: 00:02:11

Health: -1/33      AC:  4    Str: 14    XL:     4   Next: 13%
Magic:  4/4        EV: 14    Int:  7    God:
Gold:   142        SH:  0    Dex: 16    Spells: 3/3 levels left

rFire    . . .     SeeInvis .   a - +0 trident
rCold    . . .     Gourm    .   b - +0 leather armour
rNeg     . . .     Faith    .   (no shield)
rPois    +         Spirit   .   c - +0 helmet
rElec    .         Reflect  .   (no cloak)
rCorr    .         Harm     .   (no gloves)
MR       .....                  (no boots)
Stlth    +.........             (no amulet)
Regen    0.2/turn               (no ring)
MPRegen  0.1/turn               p - ring of poison resistance

@: no status effects
A: change form in water, swift swim, stealthy swim
a: no special abilities


You were on level 2 of the Dungeon.
You were not hungry.

You visited 1 branch of the dungeon, and saw 2 of its levels.

You collected 142 gold pieces.

Inventory:

Hand Weapons
 a - a +0 trident (weapon)
Missiles
 d - 3 throwing nets (quivered)
Armour
 b - a +0 leather armour (worn)
 c - a +0 helmet (worn)
Jewellery
 p - a ring of poison resistance (left hand)
Scrolls
 e - 5 scrolls of identify {unknown}
 m - a scroll of remove curse {unknown}
 o - 2 scrolls of teleportation {unknown}
Potions
 g - a potion of might {unknown}
 h - a potion of mutation {unknown}
 i - a potion of degeneration {unknown}
 j - a potion of heal wounds
 k - a potion of curing {unknown}
 n - a potion of lignification {unknown}
 r - 2 potions of agility {unknown}
Comestibles
 f - a bread ration
 l - 3 chunks of flesh
 q - a meat ration


   Skills:
 - Level 2.1 Fighting
 + Level 7.1 Polearms
 - Level 2.0 Throwing
 - Level 4.0 Dodging


You had 3 spell levels left.
You didn't know any spells.

Dungeon Overview and Level Annotations

Branches:
Dungeon (2/15)

Altars:

Annotations:
D:2 Sigmund


Message History

Sigmund closely misses you.
Attack whom?
Press: ? - help, Dir - move target cursor, f/p - Sigmund
Aim: Sigmund, wielding a scythe and wearing a robe (lightly wounded)
You reach to attack!
The goblin shouts!
You hit Sigmund.
Sigmund is lightly wounded.
The goblin shoots a sling bullet.
The sling bullet hits you.
Attack whom?
Press: ? - help, Dir - move target cursor, f/p - Sigmund
Aim: Sigmund, wielding a scythe and wearing a robe (lightly wounded)
You reach to attack!
You hit Sigmund.
Sigmund is moderately wounded.
Sigmund looks at you with fury. Sigmund casts a spell at you.
The magic dart hits you!
* * * LOW HITPOINT WARNING * * *
The goblin shoots a sling bullet.
The sling bullet hits you.
You die...

#### ###... # #....#.# #
#....#.#$## #...$......
########......(.#
###.###........g.(....#.
.....@........g.<.>.....
#######
#@#.###...#.......
#.#..)..# #.# #...
....... #.#.###.# #.#
#... ####### #.#.# #.#
#.# #.#. #.#.# #.# #.#
#... ####.#.###.# #.# #
#. ..##.#.....# #.# #.
..##.##.##.# #.#
..##.#.....# #.#


You could see Sigmund and a goblin.

Vanquished Creatures
  3 adders
  An ooze (D:2)
  A leopard gecko (D:1)
  6 bats
  A giant cockroach (D:1)
  4 goblins
  3 hobgoblins (D:1)
  A ball python (D:1)
  5 frilled lizards (D:1)
  7 kobolds
  5 rats
37 creatures vanquished.

Notes
Turn   | Place    | Note
-------+----------+-------------------------------------------
     0 | D:1      | Minion the Merfolk Gladiator began the quest for the Orb.
     0 | D:1      | Reached XP level 1. HP: 16/16 MP: 1/1
   153 | D:1      | Reached skill level 5 in Polearms
   155 | D:1      | Reached XP level 2. HP: 22/22 MP: 2/2
   662 | D:1      | Reached skill level 6 in Polearms
   662 | D:1      | Reached XP level 3. HP: 11/27 MP: 3/3
   999 | D:2      | Reached skill level 7 in Polearms
   999 | D:2      | Reached XP level 4. HP: 24/33 MP: 4/4
  1121 | D:2      | Noticed Sigmund
  1135 | D:2      | Shot with a sling bullet by a goblin

Vault maps used:
D:1:      minmay_arrival_wavy_path
D:2:      uniq_crazy_yiuf_cottage, uniq_iyjb, uniq_sigmund

Skill      XL: |  1  2  3 |
---------------+----------+-----
Polearms       | 5 6 7 |  7.1
Fighting       | |  2.1
Throwing       | |  2.0
Dodging        | |  4.0

Action                   |  1- 3 |  4- 6 || total
-------------------------+-------+-------++-------
Melee: Trident           |   108 |    16 ||   124
 Stab: Sleeping          |     1 |       ||     1
  Eat: Chunk             |       |     1 ||     1
Armor: Leather armour    |    25 |     3 ||    28
Dodge: Dodged            |    71 |    14 ||    85
